 Dungeon Crawl Stone Soup version 0.18-a0-824-g47fe746 (webtiles) character file.

30 JokEr the Insei (level 3, -4/23 HPs)
             Began as an Octopode Transmuter on Dec 17, 2015.
             Slain by Sigmund
             ... wielding a +0 scythe
              (13 damage)
             ... on level 2 of the Dungeon.
             The game lasted 00:02:00 (1293 turns).

JokEr the Insei (Octopode Transmuter)               Turns: 1293, Time: 00:02:00

Health: -4/23      AC:  1    Str:  9    XL:     3   Next: 18%
Magic:  6/6        EV: 12    Int: 16    God:
Gold:   55         SH:  0    Dex: 12    Spells: 1 memorised, 5 levels left

rFire  . . .     SeeInvis .       - Unarmed
rCold  . . .     Gourm    .     (no shield)
rNeg   . . .     Faith    .     (helmet restricted)
rPois  .         Spirit   .     (no amulet)
rElec  .         Dismiss  .     (no ring)
rCorr  .         Reflect  .     (no ring)
SustAt .         Harm     .     (no ring)
MR     .....                    (no ring)
Stlth  ++........               (no ring)
                                (no ring)
                                (no ring)
                                (no ring)

@: confused, not resistant to hostile enchantments, unstealthy
A: almost no armour, amphibious, 8 rings, constrict 8, camouflage 1, gelatinous
body 1
a: no special abilities


You were on level 2 of the Dungeon.
You were not hungry.

You visited 1 branch of the dungeon, and saw 2 of its levels.

You collected 55 gold pieces.

Inventory:

Missiles
 a - 26 arrows
Jewellery
 g - an uncursed ring of wizardry {unknown}
Scrolls
 e - a scroll of teleportation
Potions
 f - a potion of ambrosia
Books
 b - a book of Changes

   Spells                             Type                      Level
   a - Beastly Appendage              Transmutation                1
   b - Sticks to Snakes               Transmutation                2
   c - Spider Form                    Transmutation/Poison         3
   d - Ice Form                       Ice/Transmutation            4
   e - Blade Hands                    Transmutation                5
Comestibles
 c - a bread ration
 d - a meat ration


   Skills:
 + Level 1.4 Fighting
 - Level 2.0 Dodging
 + Level 3.3 Unarmed Combat
 - Level 2.0 Spellcasting
 + Level 3.0 Transmutations


You had 5 spell levels left.
You knew the following spells:

 Your Spells              Type           Power        Failure   Level  Hunger
a - Beastly Appendage     Trmt           ##....       8%          1    #......


Dungeon Overview and Level Annotations

Branches:
Dungeon (2/15)

Altars:

Annotations:
D:2 Robin, Sigmund


Innate Abilities, Weirdness & Mutations

You cannot wear most types of armour.
You are amphibious.
You can wear up to eight rings at the same time.
You can use your tentacles to constrict eight enemies at once.
Your skin changes colour to match your surroundings (Stealth).
Your rubbery body absorbs attacks (AC +1).


Message History

A goblin comes into view. It is wielding a dagger.
You bump into the closed door.
Robin shouts!
Sigmund closely misses you.
A goblin comes into view. It is wielding a dagger.
You bump into the closed door.
You feel less confused.
The goblin shouts! x2
Sigmund casts a spell at you. You resist with significant effort.
You open the door. Robin throws the goblin at you!
Sigmund casts a spell at you.
You are confused.
A goblin comes into view. It is wielding a dagger.
You miss the goblin. The goblin closely misses you.
Robin throws the goblin at you! The goblin barely misses you.
Sigmund screams, "Die, monster!"
Sigmund hits you from afar with a scythe!
Ouch! That really hurt!
You die...

### #... .# ... #g.###########.#
#.###.g.....≈......#
#........§..≈......
###..g...§§≈≈≈≈..#
##gg.##§..≈....# #.#
##@###...§.##.#### #.#
#g............<.. #.#
#@#######.##.### #<# ##g# #.# .#
#.# ##...## #.# .## #.###
##.....## #@##@.# #.#.##
##.......## #.#.#.#
####..^.####.........###.....##
...........+.).......'...........
####....####.........###.........
#......# #.......## #.#.#.###.


You could see Sigmund, Robin and 6 goblins.

Vanquished Creatures
  An ooze (D:1)
  A worm (D:2)
  3 giant cockroaches (D:1)
  2 goblins
  A hobgoblin (D:1)
  A ball python (D:1)
  6 bats (D:1)
  A giant gecko (D:1)
  A giant newt (D:2)
  3 kobolds
  5 rats
25 creatures vanquished.

Notes
Turn   | Place    | Note
--------------------------------------------------------------
     0 | D:1      | JokEr the Octopode Transmuter began the quest for the Orb.
     0 | D:1      | Reached XP level 1. HP: 13/13 MP: 3/3
   191 | D:1      | Reached XP level 2. HP: 16/18 MP: 5/5
   958 | D:2      | Reached XP level 3. HP: 23/23 MP: 4/6
  1261 | D:2      | Noticed Sigmund
  1289 | D:2      | Noticed Robin
  1293 | D:2      | Slain by Sigmund

Vault maps used:
D:1:      minmay_arrival_split_and_join, corexii_corridor_pit
D:2:      grunt_pakellas_sulfur, uniq_robin, uniq_jessica, uniq_sigmund

Action                   || total
-------------------------++-------
Melee: Unarmed           ||    52
 Cast: Beastly Appendage ||     4
  Use: Scroll            ||     4
 Stab: Sleeping          ||     4
  Eat: Chunk             ||     1
